 Dungeon Crawl Stone Soup version 0.22.1-1-ga44c0e56f4 (webtiles) character file.

161 Knicklaso the Ducker (level 5, 0/34 HPs)
             Began as a Halfling Skald on Sept 25, 2018.
             Killed from afar by an orc wizard (6 damage)
             ... with a magic dart
             ... on level 3 of the Dungeon.
             The game lasted 00:09:04 (2861 turns).

Knicklaso the Ducker (Halfling Skald)               Turns: 2861, Time: 00:09:05

Health: 0/34       AC:  3    Str: 12    XL:     5   Next: 70%
Magic:  2/7        EV: 16    Int: 11    God:
Gold:   109        SH:  0    Dex: 15    Spells: 6/7 levels left

rFire    + + .     SeeInvis .   a - +0 falchion
rCold    + . .     Gourm    .   (shield restricted)
rNeg     . . .     Faith    .   h - +0 leather armour
rPois    +         Spirit   .   (no helmet)
rElec    +         Reflect  .   (no cloak)
rCorr    +         Harm     .   (no gloves)
MR       .....                  (no boots)
Stlth    +.........             (no amulet)
HPRegen  0.11/turn              c - ring of protection from fire
MPRegen  0.10/turn              (no ring)

@: resistant, infused
A: small, mutation resistance 1
a: no special abilities


You were on level 3 of the Dungeon.
You were hungry.

You visited 1 branch of the dungeon, and saw 3 of its levels.

You collected 109 gold pieces.

Inventory:

Hand Weapons
 a - a +0 falchion (weapon)
 b - a +0 hunting sling
 o - a +2 dagger of pain
Missiles
 i - 92 stones (quivered)
Armour
 h - a +0 leather armour (worn)
Jewellery
 c - a ring of protection from fire (left hand)
Scrolls
 f - a scroll of enchant armour {unknown}
 g - 2 scrolls of blinking {unknown}
 j - 3 scrolls of identify {unknown}
 k - 3 scrolls of teleportation {unknown}
 m - a scroll of immolation {unknown}
 p - a scroll of amnesia {unknown}
Potions
 l - a potion of heal wounds {unknown}
 n - a potion of curing
 q - a potion of degeneration {unknown}
 r - a potion of lignification {unknown}
Comestibles
 d - 5 rations


   Skills:
 - Level 1.7 Fighting
 + Level 4.1 Long Blades
 - Level 1.1 Armour
 + Level 4.4 Dodging
 - Level 1.5 Spellcasting
 - Level 3.2 Charms


You had 6 spell levels left.
You knew the following spells:

 Your Spells              Type           Power        Failure   Level  Hunger
a - Infusion              Chrm           #...         10%         1    ##.....

Your spell library contained the following spells:

 Spells                   Type           Power        Failure   Level  Hunger
 Song of Slaying          Chrm           #.......     16%         2    ###....
 Shroud of Golubria       Chrm/Tloc      #.........   30%         2    ###....
 Regeneration             Chrm/Necr      #.........   52%         3    ####...
 Spectral Weapon          Hex/Chrm       #.......     52%         3    ####...


Dungeon Overview and Level Annotations

Branches:
Dungeon (3/15)

Altars:
Ru

Annotations:
D:3 Jessica


Innate Abilities, Weirdness & Mutations

You are small and have problems with some larger weapons.
You are somewhat resistant to further mutation.


Message History

You hit the orc wizard.
The orc wizard is moderately wounded.
You feel yourself speed up. The orc wizard closely misses you.
The orc wizard points at you and mumbles some strange words.
The puff of frost misses you. The orc wizard completely misses you.
You riposte.
You hit the orc wizard.
The orc wizard is heavily wounded.
You hit the orc wizard.
The orc wizard is heavily wounded.
Jessica casts a spell.
Jessica blinks!
The orc wizard gestures at you while chanting.
The puff of frost hits you! You resist.
* * * LOW HITPOINT WARNING * * *
You hit the orc wizard.
The orc wizard is almost dead.
The orc wizard gestures at you while chanting.
The magic dart hits you!
You die...

..####.######†##
#.# .## #†# #.#
#.# #.# #.# #.#
#.# ## #.# #.#
#.# #.#
####.########.#
..#
#..(..†.......#
###
#.#####.#######
#.# #@# #o#
#.#####o#
#...)..§#
####.#.## #.#@#
#.#.# ..#.#
###.#


You could see an orc wizard, Jessica and an orc.

Vanquished Creatures
  An orc wizard (D:3)
  5 adders
  2 worms (D:2)
  3 dart slugs
  3 leopard geckos
  8 orcs
  A giant cockroach (D:1)
  4 goblins
  8 hobgoblins
  4 jackals (D:2)
  A quokka (D:2)
  A ball python (D:2)
  14 bats
  4 frilled lizards
  6 kobolds
  2 rats
67 creatures vanquished.

Notes
Turn   | Place    | Note
-------+----------+-------------------------------------------
     0 | D:1      | Knicklaso the Halfling Skald began the quest for the Orb.
     0 | D:1      | Reached XP level 1. HP: 14/14 MP: 3/3
   574 | D:1      | Reached XP level 2. HP: 19/19 MP: 4/4
   923 | D:2      | Reached XP level 3. HP: 21/24 MP: 5/5
  1309 | D:2      | Reached XP level 4. HP: 19/29 MP: 0/6
  1388 | D:2      | Found a sacrificial altar of Ru.
  2207 | D:3      | Reached XP level 5. HP: 33/34 MP: 3/7
  2844 | D:3      | Noticed Jessica
  2861 | D:3      | Killed from afar by an orc wizard

Skill      XL: |  1  2  3  4  5 |
---------------+----------------+-----
Dodging        | 3 4 |  4.4
Long Blades    | 3 4 |  4.1
Fighting       | |  1.7
Armour         | |  1.1
Spellcasting   | |  1.5
Charms         | |  3.2

Action                   |  1- 3 |  4- 6 || total
-------------------------+-------+-------++-------
Melee: Falchion          |    70 |   113 ||   183
 Fire: Hunting sling     |    40 |    21 ||    61
 Cast: Infusion          |     2 |     6 ||     8
  Use: Potion            |       |     2 ||     2
  Eat: Chunk             |     1 |     5 ||     6
Armor: Leather armour    |    26 |    18 ||    44
Dodge: Dodged            |   103 |   120 ||   223
       Rpst.: Falchion   |    26 |    37 ||    63
